 Dungeon Crawl Stone Soup version 0.28.0 (webtiles) character file.

Game seed: 17172165445162304733

157905 tilp the Warrior (level 17, -19/146 HPs)
             Began as a Hill Orc Fighter on Feb 18, 2022.
             Was the Champion of Hepliaklqana.
             Demolished by Mlioglotl (21 damage)
             ... on level 1 of the Shoals on Feb 19, 2022.
             The game lasted 00:54:30 (29468 turns).

tilp the Warrior (Hill Orc Fighter)                Turns: 29468, Time: 00:54:30

Health: -19/146    AC: 31    Str: 25      XL:     17   Next: 70%
Magic:  20/20      EV: 11    Int:  7 (8)  God:    Hepliaklqana [******]
Gold:   2443       SH: 12    Dex: 12      Spells: 16/16 levels left

rFire   + + +      SeeInvis +   a - +1 broad axe (freeze)
rCold   + + .      Faith    .   M - +1 kite shield {rC+ rF+}
rNeg    . . .      Spirit   .   q - +7 chain mail of Veotz {Regen+ Dex+2}
rPois   +          Reflect  .   R - +2 helmet {SInv}
rElec   .          Harm     .   l - +2 cloak
rCorr   +          Rampage  .   p - +1 pair of gloves
Will    ++...                   I - +2 pair of boots
Stlth   +.........              J - amulet of Accord {*Corrode +Blink rPois Regen+}
HPRegen 1.94/turn               e - ring of flight
MPRegen 0.17/turn               u - ring "Bucvek" {rF++ rC+ Will+ rCorr Str-2}

@: afraid, flying, studying Stealth
A: reduced essence, low MP 1
a: Renounce Religion, Evoke Blink, Recall Ancestor, Ancestor Identity,
Transference, Idealise


You were on level 1 of the Shoals.
You worshipped Hepliaklqana.
Hepliaklqana was exalted by your worship.
You visited 5 branches of the dungeon, and saw 27 of its levels.
You also visited: Trove, Ossuary and Gauntlet.

You collected 3364 gold pieces.
You spent 921 gold pieces at shops.

Inventory:

Hand Weapons
 a - a +1 broad axe of freezing (weapon)
Missiles
 t - 2 atropa-tipped darts
 x - 20 poisoned darts
 y - 29 boomerangs (quivered)
 A - 3 throwing nets
 G - 17 javelins
Armour
 l - a +2 cloak (worn)
 p - a +1 pair of gloves (worn)
 q - the +7 chain mail of Veotz (worn) {Regen+ Dex+2}
   (You bought it in a shop on level 2 of the Orcish Mines)

   Dex:       It affects your dexterity (+2).
   Regen:     It increases your rate of health regeneration.
 C - a +2 crystal plate armour
 I - a +2 pair of boots (worn)
 M - a +1 kite shield of resistance (worn)
 R - a +2 helmet of see invisible (worn)
Jewellery
 e - a ring of flight (left hand)
 h - a +4 ring of slaying
 s - the ring of Teghoum {rN+ Str+7}
   (You found it on level 5 of the Dungeon)

   [ring of positive energy]

   Str:       It affects your strength (+7).
   rN:        It protects you from negative energy.
 u - the ring "Bucvek" (right hand) {rF++ rC+ Will+ rCorr Str-2}
   (You found it in a treasure trove)

   [ring of protection from cold]

   Str:       It affects your strength (-2).
   rF:        It greatly protects you from fire.
   rC:        It protects you from cold.
   rCorr:     It protects you from acid and corrosion.
   Will:      It increases your willpower.
 w - the ring "Kenoj" {rElec rC++ MP+9 Str-5}
   (You found it in a treasure trove)

   [ring of magical power]

   Str:       It affects your strength (-5).
   rC:        It greatly protects you from cold.
   rElec:     It insulates you from electricity.
   MP:        It affects your magic capacity (+9).
 J - the amulet of Accord (around neck) {*Corrode +Blink rPois Regen+}
   (You found it in a treasure trove)

   [amulet of regeneration]

   rPois:     It protects you from poison.
   +Blink:    It lets you blink.
   Regen:     It increases your rate of health regeneration.
   *Corrode:  It may corrode you when you take damage.
 T - an amulet of reflection
Wands
 d - a wand of charming (7)
 k - a wand of digging (6)
 m - a wand of acid (16)
 K - a wand of flame (69)
 O - a wand of paralysis (19)
 V - a wand of iceblast (31)
 X - a wand of polymorph (5)
Scrolls
 c - 9 scrolls of blinking
 i - 7 scrolls of teleportation
 o - 5 scrolls of fear
 H - 3 scrolls of summoning
 L - a scroll of fog
 P - 2 scrolls of vulnerability
 W - 2 scrolls of magic mapping
 Z - a scroll of silence
Potions
 f - 7 potions of haste
 j - 6 potions of ambrosia
 n - 5 potions of attraction
 r - 5 potions of lignification
 v - 6 potions of mutation
 z - 3 potions of flight
 B - 10 potions of curing
 D - 3 potions of berserk rage
 E - a potion of cancellation
 F - 3 potions of resistance
 Q - 2 potions of heal wounds
 U - 2 potions of might
 Y - 2 potions of invisibility
Miscellaneous
 b - a tin of tremorstones (inert)
 g - a phial of floods
 N - a lightning rod (4/4)
 S - a box of beasts (inert)


   Skills:
 + Level 18.1 Fighting
 - Level 18.0 Axes
 + Level 12.1 Throwing
 + Level 10.1 Armour
 + Level 12.0 Dodging
 + Level 10.2 Stealth
 + Level 10.1 Shields
 + Level 8.3 Invocations
 + Level 8.1 Evocations


You had 16 spell levels left.
You didn't know any spells.
Your spell library contained the following spells:

 Spells                   Type           Power      Damage    Failure   Level
 Foxfire                  Conj/Fire      0%         2x1d4     99%         1
 Magic Dart               Conj           0%         1d3       99%         1
 Sandblast                Erth           0%         2d4       99%         1
 Shock                    Conj/Air       0%         1d3       99%         1
 Summon Small Mammal      Summ           0%         N/A       99%         1
 Blink                    Tloc           0%         N/A       100%        2
 Call Imp                 Summ           0%         N/A       100%        2
 Corpse Rot               Necr/Air       0%         N/A       100%        2
 Passwall                 Tmut/Erth      0%         N/A       100%        2
 Static Discharge         Conj/Air       0%         N/A       100%        2
 Sublimation of Blood     Necr           0%         N/A       100%        2
 Wereblood                Tmut           0%         N/A       100%        2
 Call Canine Familiar     Summ           0%         N/A       100%        3
 Conjure Flame            Conj/Fire      0%         6-21      100%        3
 Gell's Gravitas          Tloc           0%         N/A       100%        3
 Ignite Poison            Fire/Tmut/Pois 0%         N/A       100%        3
 Inner Flame              Hex/Fire       0%         N/A       100%        3
 Lesser Beckoning         Tloc           0%         N/A       100%        3
 Mephitic Cloud           Conj/Pois/Air  0%         N/A       100%        3
 Portal Projectile        Hex/Tloc       0%         N/A       100%        3
 Stone Arrow              Conj/Erth      0%         3d7       100%        3
 Summon Guardian Golem    Hex/Summ       0%         N/A       100%        3
 Swiftness                Air            0%         N/A       100%        3
 Teleport Other           Tloc           0%         N/A       100%        3
 Airstrike                Air            0%         N/A       100%        4
 Animate Armour           Summ/Erth      0%         N/A       100%        4
 Dispel Undead            Necr           0%         3d6       100%        4
 Flame Wave               Conj/Fire      0%         2d4       100%        4
 Leda's Liquefaction      Hex/Erth       0%         N/A       100%        4
 Iskenderun's Battlesphe  Conj           0%         2d6       100%        5
 Lightning Bolt           Conj/Air       0%         1d11      100%        5
 Manifold Assault         Tloc           0%         N/A       100%        5
 Death Channel            Necr           0%         N/A       100%        6
 Dispersal                Tloc           0%         N/A       100%        6
 Iron Shot                Conj/Erth      0%         9d1       100%        6
 Starburst                Conj/Fire      0%         6d3       100%        6
 Spellforged Servitor     Conj/Summ      0%         N/A       100%        7
 Summon Hydra             Summ           0%         N/A       100%        7
 Borgnjor's Revivificati  Necr           0%         N/A       100%        8
 Disjunction              Tloc           0%         N/A       100%        8
 Lehudib's Crystal Spear  Conj/Erth      0%         10d2      100%        8
 Maxwell's Capacitive Co  Air            0%         ∞         100%        8
 Necromutation            Tmut/Necr      0%         N/A       100%        8
 Death's Door             Necr           0%         N/A       100%        9


Dungeon Overview and Level Annotations

Branches:
Dungeon (15/15)            Temple (0/1) D:5            Lair (6/6) D:10
 Shoals (1/4) Lair:2        Snake (3/4) Lair:4        Slime (0/5) Lair:5
    Orc (2/2) D:10            Elf (0/3) Orc:2        Vaults (0/5) D:13
 Depths (0/4) D:15        Ossuary (visited)         Gauntlet (visited)

Altars:
Ashenzari
Dithmenos
Elyvilon
Fedhas
Gozag
Hepliaklqana
Nemelex Xobeh
Vehumet
Xom
Zin
The Shining One
Beogh

Shops:
D:8 !   D:9 :   D:12 !   D:13 (   D:15 *   Orc:2 [[!=   Snake:1 =   Snake:3 =[[

Annotations:
Shoals:1 Mlioglotl


Innate Abilities, Weirdness & Mutations

Your life essence is reduced to manifest your ancestor. (-10% HP)
Your magical capacity is low. (-10% MP)


Message History

The ice devil is engulfed in blazing flames.
The efreet hits you with a +4 scimitar of flaming.
* * * LOW HITPOINT WARNING * * *
The large abomination is engulfed in blazing flames.
The neqoxec hits you but does no damage.
The smoke demon closely misses you. You block the smoke demon's attack.
The smoke demon closely misses you.
Unknown command.
Unknown command.
You slice Mlioglotl!! You freeze Mlioglotl.
Mlioglotl is almost dead.
You closely miss the large abomination. You hit the efreet but do no damage.
You barely miss the smoke demon. You slash the neqoxec! You freeze the neqoxec.
You kill the neqoxec!
The neqoxec disappears in a puff of smoke!
Mlioglotl churns violently!
Mlioglotl corrupts the dungeon around him!
You hear a splash.
The large abomination hits you!
* * * LOW HITPOINT WARNING * * *
The efreet gestures at you. The bolt of fire hits you. You resist.
* * * LOW HITPOINT WARNING * * *
The ice devil is engulfed in blazing flames.
The large abomination is engulfed in blazing flames.
The smoke demon hits you but does no damage.
The smoke demon closely misses you. You block the smoke demon's attack.
Mlioglotl hits you but does no damage. You block Mlioglotl's attack.
Unknown command.
You barely miss Mlioglotl.
Mlioglotl is almost dead.
The quasit gives a chilling moan.
You hit the smoke demon. You freeze the smoke demon. You slash the efreet!
You freeze the efreet. You slash the large abomination!
You freeze the large abomination. The large abomination hits you!
* * * LOW HITPOINT WARNING * * *
Mlioglotl hits you!
* * * LOW HITPOINT WARNING * * *
Mlioglotl tramples you!!
You die...

≈≈≈≈≈≈≈≈≈≈≈≈≈≈≈≈≈≈≈≈≈≈≈≈≈≈≈≈≈≈≈≈≈
≈≈≈≈≈≈≈≈≈≈≈≈≈≈≈≈≈≈≈≈≈≈≈≈≈≈≈≈≈≈≈≈≈
≈≈≈≈≈≈≈≈≈≈≈≈≈≈≈≈≈≈≈≈≈≈≈≈≈≈≈≈≈≈≈≈≈
≈≈≈≈≈≈≈≈≈≈≈≈≈≈≈≈≈≈≈≈≈≈≈≈≈≈≈≈≈≈≈≈≈
≈≈≈≈≈≈≈≈≈≈≈≈≈≈≈÷≈≈≈≈≈≈≈≈≈≈≈≈≈≈≈≈≈
≈≈≈..≈≈≈≈≈≈≈≈≈≈≈≈≈≈≈≈≈≈≈≈≈≈≈≈≈≈≈≈
≈≈...≈≈...≈≈≈≈≈≈≈≈≈≈.....≈≈≈≈≈≈≈≈
≈≈...≈≈).(..≈≈≈§3R≈.#......≈≈≈≈≈≈
≈≈....≈≈≈..)...≈@Xx.###.##..≈≈≈≈≈
≈≈≈≈..≈≈..))≈≈...X.4# ####...≈≈≈≈
≈≈≈......≈)#....#3xX# ...≈≈≈≈
≈≈≈........#.....Xx5.#.... ..≈≈≈≈
≈≈≈≈..≈..###.≈...m≈x...≈≈. ≈≈
≈≈≈≈≈....###..≈..≈≈≈≈≈≈≈.. .≈
≈≈≈≈≈≈..≈.......≈≈≈≈≈5≈≈≈≈ ≈≈
≈≈≈≈≈≈≈≈≈.......≈≈≈≈≈.≈≈≈≈ ≈≈
≈≈≈≈≈≈≈≈≈≈..≈..≈≈≈≈..≈≈≈≈≈ ≈≈≈


You could see Mlioglotl (strong, scary), a soul eater (summoned), a thrashing
horror (summoned), 2 large abominations, an ice devil (summoned), a merfolk
siren, a smoke demon (summoned), an efreet (summoned), 4 small abominations, a
quasit (summoned) and a shadow imp (summoned).

Vanquished Creatures
  A kraken (Shoals:1)
  Kirke (Snake:2)
  Aizul (Snake:1)
  An orc warlord (Orc:1)
  Louise (Shoals:1)
  The ghost of Jazqba the Grappler, a journeyman TrCK of Xom (Lair:3)
  A dire elephant (Lair:2)
  A minotaur (Gauntlet)
  A merfolk impaler (Shoals:1)
  8 vault guards (D:13)
  2 rakshasas (D:15)
  5 naga warriors
  8 hydras
  4 anacondas
  2 centaur warriors (D:14)
  An alligator (Lair:2)
  3 two-headed ogres
  Urug (Orc:1)
  2 tengu warriors
  3 orc high priests (Orc:2)
  A naga sharpshooter (Snake:1)
  8 shock serpents
  4 fire crabs
  11 skeletal warriors
  A salamander mystic (Snake:1)
  2 naga ritualists (Snake:2)
  A glowing orange brain (Gauntlet)
  2 sea snakes (Shoals:1)
  A wizard (Gauntlet)
  Pikel (D:7)
  17 ugly things
  4 deep elf pyromancers
  4 oklob plants
  5 orc knights
  A wolf spider (Lair:6)
  4 orc sorcerers
  3 mana vipers (Snake:2)
  5 fauns (Shoals:1)
  2 salamanders
  8 manticores
  3 cyclopes
  31 black mambas
  A merfolk siren (Shoals:1)
  Joseph (D:7)
  11 elephants
  5 guardian serpents
  7 naga magi
  2 water nymphs (Shoals:1)
  18 cane toads
  6 komodo dragons
  4 gargoyles
  An unseen horror (D:11)
  2 tengu conjurers (D:15)
  3 rime drakes
  5 trolls
  2 queen bees
  2 hornets
  2 slime creatures (D:15)
  2 merfolk (Shoals:1)
  11 polar bears
  6 blink frogs
  12 dream sheep
  A spriggan (shapeshifter) (D:15)
  A shadow (D:13)
  2 vampires
  A water elemental (Shoals:1)
  2 hogs (Snake:2)
  56 yaks
  2 wraiths (D:12)
  A culicivora (shapeshifter) (D:12)
  7 basilisks
  A hog (shapeshifter) (D:15)
  4 vampire mosquitoes
  10 wyverns
  2 redbacks (Lair:6)
  3 steam dragons
  7 wargs
  Edmund (D:4)
  An acid dragon (D:9)
  23 nagas
  18 water moccasins
  15 hell hounds (Lair:6)
  A hornet zombie (D:9)
  28 orc warriors
  A sky beast (D:7)
  12 black bears
  2 necrophages
  26 wolves
  8 ogres
  A phantom (D:5)
  3 centaurs
  2 lemures (D:7)
  Blork the orc (D:5)
  3 kobold brigands
  6 bullfrogs
  3 scorpions (Lair:2)
  A wyvern skeleton (D:5)
  A hexer (Lair:2)
  28 killer bees
  6 wights
  3 howler monkeys
  A bullfrog zombie (D:6)
  3 quasits (D:8)
  A centaur skeleton (D:7)
  4 centaur zombies
  4 hounds
  19 orc priests
  A human zombie (Ossuary)
  3 jellies (D:6)
  2 bullfrog skeletons (D:7)
  4 gnoll shamans
  4 iguanas
  Terence (D:3)
  2 hell rats (Lair:2)
  Natasha (thrice) (D:2)
  23 orc wizards
  A killer bee zombie (D:6)
  A hound zombie (Ossuary)
  3 mummies (Ossuary)
  Robin (D:4)
  15 gnolls
  A howler monkey zombie (D:9)
  7 adders
  A shadow imp (Gauntlet)
  3 white imps
  2 ufetubi
  2 adder zombies (Ossuary)
  4 worms
  3 dart slugs
  92 orcs
  A bat (D:1)
  5 endoplasms
  2 giant cockroaches
  A gnoll zombie (Ossuary)
  15 goblins
  6 hobgoblins
  12 kobolds
  2 quokkas (D:2)
  6 ball pythons
  2 frilled lizards (D:1)
  2 goblin zombies (Ossuary)
  4 hobgoblin zombies (Ossuary)
  4 jackal zombies (Ossuary)
  2 kobold zombies (Ossuary)
  2 orc zombies (Ossuary)
  5 quokka zombies (Ossuary)
  6 rats
  3 rat zombies (Ossuary)
  3 tentacles (Shoals:1)
858 creatures vanquished.

Vanquished Creatures (collateral kills)
  A merfolk impaler (Shoals:1)
  A boulder beetle (D:12)
  A hydra (D:11)
  A catoblepas (Lair:2)
  A slime creature (D:15)
  A tengu warrior (D:13)
  A glowing orange brain (D:15)
  A naga ritualist (Snake:2)
  A mana viper (Snake:2)
  An oklob plant (Snake:3)
  2 fauns (Shoals:1)
  2 orc sorcerers
  3 elephants
  4 ugly things
  2 naga magi (Snake:1)
  A black mamba (Lair:4)
  A torpor snail (Lair:4)
  2 merfolk sirens
  7 cane toads
  An unseen horror (D:10)
  A komodo dragon (Lair:1)
  A merfolk (Shoals:1)
  A troll (D:10)
  A hornet (Lair:6)
  A blink frog (Lair:2)
  3 dream sheep
  2 wyverns (Lair:6)
  14 yaks
  A basilisk (Lair:4)
  A redback (Lair:6)
  2 nagas (Snake:1)
  5 water moccasins
  3 orc warriors (Orc:1)
  An ogre (Orc:1)
  4 wolves
  A centaur (D:7)
  5 bullfrogs
  3 killer bees
  A wight (D:6)
  A howler monkey (D:12)
  2 human zombies (Ossuary)
  A hound (D:6)
  2 jellies
  An orc priest (Orc:1)
  3 orc wizards
  An iguana (D:5)
  A hound zombie (Ossuary)
  3 gnolls
  An adder (D:6)
  A white imp (Gauntlet)
  2 orcs
  A hobgoblin (D:4)
  2 goblin zombies (Ossuary)
  A hobgoblin zombie (Ossuary)
  A jackal zombie (Ossuary)
  A tentacle (Shoals:1)
111 creatures vanquished.

Vanquished Creatures (others)
  A human (Snake:2)
  A naga (Snake:2)
  An orc priest (Orc:2)
  17 hexers
  An orc wizard (Orc:2)
  5 demonic plants (Gauntlet)
  71 fungi
  116 plants
  9 tentacles (Shoals:1)
  41 withered plants (Gauntlet)
263 creatures vanquished.

Grand Total: 1232 creatures vanquished

Notes
Turn   | Place    | Note
-------+----------+-------------------------------------------
     0 | D:1      | tilp the Hill Orc Fighter began the quest for the Orb.
     0 | D:1      | Reached XP level 1. HP: 19/19 MP: 1/1
   265 | D:1      | Reached XP level 2. HP: 26/26 MP: 2/2
   720 | D:1      | Found a faded altar of an unknown god.
   776 | D:1      | Reached XP level 3. HP: 25/31 MP: 3/3
  1238 | D:2      | Reached skill level 5 in Axes
  1299 | D:2      | Noticed an ogre
  1310 | D:2      | Killed an ogre
  1311 | D:2      | Reached XP level 4. HP: 35/40 MP: 4/4
  1311 | D:2      | Reached XP level 5. HP: 40/46 MP: 5/5
  1560 | D:2      | Noticed Natasha
  1561 | D:2      | Found a hazy altar of Hepliaklqana.
  1568 | D:2      | Killed Natasha
  1609 | D:2      | Became a worshipper of Hepliaklqana the Forgotten
  1889 | D:2      | Noticed Natasha
  1896 | D:2      | Killed Natasha
  1933 | D:2      | Noticed Natasha
  1938 | D:2      | Killed Natasha
  1958 | D:3      | Noticed Terence
  1968 | D:3      | Killed Terence
  1969 | D:3      | Reached skill level 1 in Throwing
  1969 | D:3      | Reached skill level 1 in Stealth
  1969 | D:3      | Reached XP level 6. HP: 52/52 MP: 6/6
  1998 | D:3      | Found a glowing silver altar of Zin.
  2187 | D:3      | Reached * piety under Hepliaklqana
  2283 | D:3      | Found a shimmering altar of Xom.
  2496 | D:3      | Identified a scroll of acquirement
  2496 | D:3      | Acquired a manual of Throwing
  2521 | D:4      | Noticed Robin
  2529 | D:4      | Killed Robin
  2640 | D:4      | Reached skill level 1 in Dodging
  2721 | D:4      | Noticed Edmund
  2729 | D:4      | Killed Edmund
  2730 | D:4      | Reached XP level 7. HP: 30/53 MP: 7/7
  3383 | D:5      | Entered Level 5 of the Dungeon
  3383 | D:5      | Reached ** piety under Hepliaklqana
  3384 | D:5      | Remembered your ancestor Xochipepe as a hexer
  3392 | D:5      | Found a staircase to the Ecumenical Temple.
  3395 | D:5      | Reached skill level 1 in Invocations
  3430 | D:5      | Reached XP level 8. HP: 60/60 MP: 9/9
  3448 | D:5      | Identified the ring of Teghoum {rN+ Str+7}
  3514 | D:5      | Noticed Blork the orc
  3520 | D:5      | Killed Blork the orc
  3985 | D:6      | Reached skill level 5 in Fighting
  4062 | D:6      | Found a radiant altar of Vehumet.
  4216 | D:6      | Found an opulent altar of Gozag.
  4252 | D:6      | Reached skill level 10 in Axes
  4254 | D:6      | Reached XP level 9. HP: 66/66 MP: 10/12
  4529 | D:6      | Found a shadowy altar of Dithmenos.
  4676 | D:6      | Found a shadowy altar of Dithmenos.
  4839 | D:7      | Reached *** piety under Hepliaklqana
  4975 | D:7      | Found a sand-covered staircase.
  4991 | Ossuary  | Entered an ossuary
  5551 | D:7      | Noticed Pikel
  5562 | D:7      | Killed Pikel
  5563 | D:7      | Reached XP level 10. HP: 76/79 MP: 13/13
  5831 | D:7      | Noticed Joseph
  5843 | D:7      | Killed Joseph
  5844 | D:7      | Reached skill level 1 in Evocations
  6090 | D:8      | Reached **** piety under Hepliaklqana
  6127 | D:8      | Found a hazy altar of Hepliaklqana.
  6160 | D:8      | Noticed a two-headed ogre
  6168 | D:8      | Killed a two-headed ogre
  6237 | D:8      | Found Extis's Distillery.
  6569 | D:8      | Bought a potion of cancellation for 80 gold pieces
  6569 | D:8      | Bought a potion of resistance for 100 gold pieces
  6569 | D:8      | Bought a potion of degeneration for 10 gold pieces
  6955 | D:9      | Reached skill level 5 in Shields
  6984 | D:9      | Found Unojebli's Book Shop.
  7021 | D:9      | Reached skill level 5 in Armour
  7057 | D:9      | Reached XP level 11. HP: 78/85 MP: 14/14
  7198 | D:9      | Found a white marble altar of Elyvilon.
  7235 | D:9      | Found a glowing golden altar of the Shining One.
  7417 | D:10     | Entered Level 10 of the Dungeon
  7464 | D:10     | Found a staircase to the Orcish Mines.
  7878 | D:10     | Found a staircase to the Lair.
  7950 | D:10     | Found a blossoming altar of Fedhas.
  7966 | D:10     | Noticed an oklob plant
  8015 | D:10     | Found a broken altar of Ashenzari.
  8418 | D:11     | Reached skill level 5 in Dodging
  8739 | D:11     | Noticed a cyclops
  8747 | D:11     | Killed a cyclops
  8764 | D:11     | Noticed a skeletal warrior
  8767 | D:11     | Noticed a skeletal warrior
  8769 | D:11     | Noticed a skeletal warrior
  8770 | D:11     | Noticed a skeletal warrior
  8815 | D:10     | Killed a skeletal warrior
  8816 | D:10     | Reached skill level 15 in Axes
  9074 | D:10     | Killed a skeletal warrior
  9207 | D:11     | Noticed a five-headed hydra
  9215 | D:11     | Killed a six-headed hydra
  9216 | D:11     | Reached skill level 10 in Fighting
  9216 | D:11     | Reached XP level 12. HP: 59/95 MP: 15/15
  9578 | D:10     | Reached skill level 5 in Throwing
  9924 | D:11     | Acquired a manual of Stealth
 10055 | Lair:1   | Entered Level 1 of the Lair of Beasts
 10151 | Lair:1   | Found a gate leading to a gauntlet.
 10151 | Lair:1   | Reached ***** piety under Hepliaklqana
 10155 | Lair:1   | Noticed an eight-headed hydra
 10161 | Lair:1   | Killed an eight-headed hydra
 10194 | Gauntlet | Entered a Gauntlet
 10194 | Gauntlet | Found a transporter.
 10194 | Gauntlet | Found a transporter.
 10198 | Gauntlet | Found a transporter.
 10198 | Gauntlet | Found a transporter.
 10207 | Gauntlet | Found a transporter.
 10223 | Gauntlet | Found a transporter.
 10227 | Gauntlet | Found a transporter.
 10229 | Gauntlet | Found a transporter.
 10229 | Gauntlet | Found a transporter.
 10233 | Gauntlet | Found a transporter.
 10267 | Gauntlet | Found a transporter.
 10285 | Gauntlet | Found a transporter.
 10285 | Gauntlet | Noticed a soul eater
 10330 | Gauntlet | Found a transporter.
 10346 | Gauntlet | Found a transporter.
 10445 | Gauntlet | Found a transporter.
 10467 | Gauntlet | Found a transporter.
 10905 | Gauntlet | Identified the ring of the Seeker {Wiz Str+4}
 10925 | Gauntlet | Noticed a minotaur
 10944 | Gauntlet | Killed a minotaur
 11077 | Gauntlet | Identified the +1 robe of the Mackerel {rPois rC+ Regen+}
 11081 | Gauntlet | Identified the +4 ring mail "Myploruash" {rC+}
 11082 | Gauntlet | Got the Collected Works on the Traveller and Ignition
 11344 | Lair:1   | Reached skill level 10 in Throwing
 11446 | Lair:1   | Reached XP level 13. HP: 106/106 MP: 16/16
 11753 | Lair:2   | Found a staircase to the Shoals.
 12588 | Lair:2   | Reached skill level 5 in Stealth
 12588 | Lair:2   | Reached skill level 5 in Invocations
 12616 | Lair:2   | Noticed a dire elephant
 12633 | Lair:2   | Killed a dire elephant
 13142 | Lair:3   | Reached skill level 5 in Evocations
 13424 | Lair:3   | Found a runed translucent door.
 13425 | Lair:3   | Noticed Jazqba's ghost (journeyman TrCK)
 13802 | Lair:3   | Reached XP level 14. HP: 116/116 MP: 18/18
 13960 | Lair:4   | Reached ****** piety under Hepliaklqana
 14156 | Lair:4   | Found a staircase to the Snake Pit.
 14277 | Lair:4   | Found a runed translucent door.
 15285 | Lair:5   | Found a staircase to the Slime Pits.
 16033 | Lair:6   | Entered Level 6 of the Lair of Beasts
 17194 | Lair:6   | Reached XP level 15. HP: 115/125 MP: 18/20
 17383 | Lair:6   | Got Xyugre's Compendium of Creative Conjuration
 17801 | Lair:6   | Reached skill level 15 in Fighting
 18623 | Orc:1    | Entered Level 1 of the Orcish Mines
 18671 | Orc:1    | Noticed an orc warlord
 18816 | Orc:1    | Killed an orc warlord
 18934 | Orc:1    | Reached skill level 10 in Dodging
 19274 | Orc:1    | You fall into a shaft and drop 1 floor!
 19274 | Orc:2    | Entered Level 2 of the Orcish Mines
 19360 | Orc:1    | Noticed Urug
 19374 | Orc:1    | Killed Urug
 19690 | Orc:2    | Found a staircase to the Elven Halls.
 19831 | Orc:2    | Found a roughly hewn altar of Beogh.
 19974 | Orc:2    | Found Bewocid's Jewellery Shoppe.
 20380 | Orc:2    | Found Rocoech's Armour Shoppe.
 20631 | Orc:2    | Found Heliest's Distillery.
 20631 | Orc:2    | Found Hussul's Antique Armour Shop.
 20695 | Orc:2    | Bought a distressingly furry chain mail for 304 gold pieces
 20695 | Orc:2    | Identified the +7 chain mail of Veotz {Regen+ Dex+2} (You
                  | bought it in a shop on level 2 of the Orcish Mines)
 20695 | Orc:2    | Bought a runed helmet for 240 gold pieces
 20871 | D:12     | Found Fecuz's Distillery.
 21562 | D:13     | Found Erogiew's Weapon Emporium.
 21717 | D:13     | Reached XP level 16. HP: 130/134 MP: 20/22
 21742 | D:13     | Found a gate to the Vaults.
 22994 | D:14     | Found a portal to a secret trove of treasure.
 23086 | D:14     | You paid a toll of 3 potions of resistance to enter a
                  | treasure trove
 23087 | Trove    | Entered a treasure trove
 23101 | Trove    | Identified the ring "Bucvek" {rF++ rC+ Will+ rCorr Str-2}
 23103 | Trove    | Identified the ring "Kenoj" {rElec rC++ MP+9 Str-5}
 23110 | Trove    | Identified the ring "Ipsash" {rC+ rN+ Will- Str+3 Int+2}
 23112 | Trove    | Identified the ring "Tionumug" {Ice rCorr Slay+2}
 23114 | Trove    | Identified the amulet of Accord {*Corrode +Blink rPois
                  | Regen+}
 23116 | Trove    | Identified the ring of Retefom {rC+ Int+2}
 23291 | D:15     | Entered Level 15 of the Dungeon
 23621 | D:15     | Found a staircase to the Depths.
 23900 | D:15     | Found a hazy altar of Hepliaklqana.
 24001 | D:15     | Found a sparkling altar of Nemelex Xobeh.
 24078 | D:15     | Found Violy's Assorted Antiques.
 24085 | D:15     | Bought a scroll of enchant armour for 187 gold pieces
 24503 | D:10     | Reached skill level 10 in Stealth
 24918 | Lair:3   | Killed Jazqba's ghost
 24921 | Lair:3   | Identified the +4 scythe of Noteigun {drain, rC+}
 24988 | Snake:1  | Entered Level 1 of the Snake Pit
 25365 | Snake:1  | Found Ceituof's Jewellery Emporium.
 25460 | Snake:1  | Noticed Aizul
 25489 | Snake:1  | Killed Aizul
 26064 | Snake:2  | Reached skill level 10 in Armour
 26064 | Snake:2  | Reached skill level 10 in Shields
 26160 | Snake:2  | Reached XP level 17. HP: 61/143 MP: 23/23
 26264 | Snake:2  | You fall into a shaft and drop 1 floor!
 26403 | Snake:2  | Identified the ring "Nalinta" {rN+ MP+9 Dex+6}
 26683 | Snake:2  | Noticed Kirke
 26697 | Snake:2  | Killed Kirke
 27726 | Snake:3  | Found Xaput's Armour Emporium.
 27729 | Snake:3  | Found Huffikuss's Antique Armour Shoppe.
 27731 | Snake:3  | Found Ivvimise's Jewellery Emporium.
 28756 | Shoals:1 | Entered Level 1 of the Shoals
 28955 | Shoals:1 | Noticed Louise
 28978 | Shoals:1 | Killed Louise
 29210 | Shoals:1 | Noticed a kraken
 29230 | Shoals:1 | Killed a kraken
 29440 | Shoals:1 | Noticed Mlioglotl
 29453 | Shoals:1 | Gained mutation: Your magical capacity is low. (-10% MP) [a
                  | neqoxec]
 29468 | Shoals:1 | HP: 2/146 [Mlioglotl (16)]
 29468 | Shoals:1 | Demolished by Mlioglotl

Illustrated notes

Levels and vault maps discovered:
D:1:      tarquinn_simple_flora_water_d, layout_basic,
          hellmonk_ecumenical_altar_pennies_from_heaven,
          minmay_misc_feat_secret_circle
D:2:      layout_loops_ring, basic_altar, uniq_natasha
D:3:      layout_basic, amcnicky_altar_gilded, overflow_temple_1_default,
          hangedman_glass_garden, uniq_terence
D:4:      layout_basic, uniq_robin, uniq_edmund
D:5:      layout_rooms, minmay_temple_entry_waves, serial_corexii_hall,
          chequers_hall_statues_corner_a, chequers_hall_statues_y,
          chequers_hall_statues_y, chequers_hall_statues_y, hex_medium,
          uniq_blork_the_orc
D:6:      layout_loops_ring, nicolae_vehumet_altar_sigil,
          mainiacjoe_overflow_cross_hatched,
          nicolae_dithmenos_through_a_glass_darkly, minmay_ruined_shrine
D:7:      minmay_skewed_foursquare, layout_basic, enter_ossuary_1, uniq_pikel,
          uniq_joseph
D:8:      cheibrodos_quashed, layout_cave_pools, overflow_temple_1_default,
          serial_shops, nicolae_shop_statue_plus
D:9:      layout_big_octagon, elyvilon_altar_4, tso_altar, serial_shops,
          nicolae_shop_statue_plus
D:10:     layout_roguey, ashenzari_conservatory_becter, tgw_fedhas,
          hiddenorc2_lemuel
D:11:     layout_loops_ring, minmay_misc_feat_tiny, kennysheep_small_spiral
D:12:     layout_roguey, serial_shops, nicolae_shop_crystal
D:13:     layout_loops_corners, erik_vaults_2, moated_statue,
          nicolae_stop_n_shop_1
D:14:     layout_cave_pools, nicolae_trove_entry_isolated,
          minmay_misc_feat_alley
D:15:     gammafunk_enter_depths_forms, layout_loops_ring, serial_shops, shop,
          nicolae_hepliaklqana_hippocampus, nemelex_lonely_heart_becter
Lair:1:   layout_misc_corridors, gauntlet_entry_generic, special_room
          [special_room_bee], grunt_megastairs_5
Lair:2:   layout_chaotic_city, minmay_shoals_entry_lonely_mermaid,
          nicolae_lair_lakeside_cave, lemuel_fruit_tree
Lair:3:   layout_cave_pods, ebering_ghost_inner_flame,
          hangedman_lair_unloving_vines
Lair:4:   layout_cellular_growth, minmay_snake_entry_guardpost_medium,
          pf_torpor_hydra
Lair:5:   layout_regular_city, slime_dummy
Lair:6:   hangedman_lair_caniforms_friends, layout_regular_city,
          hangedman_lair_tendril_chambers
Shoals:1: layout_shoals, uniq_louise, uniq_mlioglotl
Snake:1:  layout_honeycomb, serial_shops, shop, uniq_aizul
Snake:2:  layout_onion, uniq_kirke
Snake:3:  dpeg_oklob_gauntlet, layout_layer_cave, grunt_megastairs_1,
          minmay_shop_star
Orc:1:    layout_caves, nicolae_orc_pool_cavern, uniq_urug
Orc:2:    st_orc_elflike, layout_caves, basic_altar,
          nicolae_orc_flooded_monolith

Skill      XL: |  1  2  3  4  5  6  7  8  9 10 11 12 13 14 15 16 17 |
---------------+----------------------------------------------------+-----
Axes           | 3 4 6 7 8 10 13 14 15 16 18 | 18.0
Fighting       | 4 5 8 10 12 13 14 15 16 18 | 18.1
Throwing       | 1 2 4 11 12 | 12.1
Stealth        | 1 2 3 4 6 7 8 10 | 10.2
Dodging        | 1 2 3 4 5 6 7 8 10 11 12 | 12.0
Armour         | 4 5 6 7 8 10 | 10.1
Shields        | 4 5 6 7 8 10 | 10.1
Invocations    | 1 4 5 7 8 |  8.3
Evocations     | 2 4 5 6 8 |  8.1

Action                   |  1- 3 |  4- 6 |  7- 9 | 10-12 | 13-15 | 16-18 || total
-------------------------+-------+-------+-------+-------+-------+-------++-------
Melee: War axe           |    72 |   104 |   298 |   532 |   825 |       ||  1831
       Broad axe         |       |       |       |       |   297 |   859 ||  1156
Throw: Boomerang         |       |       |       |    16 |    24 |     7 ||    47
Invok: Ancestor Life: He |       |       |     1 |       |       |       ||     1
       Idealise          |       |       |       |       |       |     1 ||     1
Evoke: Wand              |       |       |       |       |       |     1 ||     1
       Tin of tremorston |       |       |       |       |       |     2 ||     2
       Box of beasts     |       |       |       |       |       |     1 ||     1
  Use: Scroll            |     2 |     4 |    11 |     8 |     9 |     5 ||    39
       Potion            |     1 |       |       |     5 |     1 |       ||     7
 Stab: Confused          |       |       |     8 |     8 |    15 |    16 ||    47
       Distracted        |       |       |       |     5 |    13 |     8 ||    26
       Paralysed         |       |       |       |       |    18 |    39 ||    57
Armor: Scale mail        |    38 |    14 |       |       |       |       ||    52
       Chain mail        |       |    19 |   105 |   175 |    39 |   310 ||   648
       Crystal plate arm |       |       |       |    72 |   634 |       ||   706
Dodge: Dodged            |    36 |    40 |   106 |   188 |   290 |   231 ||   891
Block: Buckler           |    18 |    26 |    50 |    77 |       |       ||   171
       Kite shield       |       |       |       |    47 |   558 |   336 ||   941
